Cogmind - Beta 13 @@@ ROGUE MODE // 2024.04.02 @ 22:23:22 Player: Aavak Result: Destroyed by G-67 Veteran with Plasma Rifle Performance ------------- Evolutions (1) 500 Regions Visited (5) 1000 Robots Destroyed (28) 140 Value Destroyed (656) 656 Prototype IDs (0) 0 Alien Tech Used (0) 0 Bonus (637) 637 TOTAL SCORE: 2933 Bonus ------- Follower Combat Kills 37 Met Imprinter 300 Was Imprinted 300 Cogmind --------- Core Integrity 0/400 Matter 300/300 Energy 99/100 System Corruption 0% Temperature Cool (0) Movement Core (50) Location -6/Proximity Caves Parts ------- > --- POWER (1) -------- (None) > --- PROPULSION (4) --- (None) > --- UTILITY (2) ------ Signal Interpreter Improved Targeting Computer > --- WEAPON (2) ------- CR-A16's Pointy Stick > --- INVENTORY (5) ---- Structural Scanner Machine Analyzer Sensor Array Terrain Scan Processor Datajack Peak State ------------ > --- POWER ------------ Fission Core > --- PROPULSION ------- Aluminum Leg Aluminum Leg Aluminum Leg Improved Carbon-fiber Leg > --- UTILITY ---------- Signal Interpreter Improved Targeting Computer > --- WEAPON ----------- Advanced Assault Cannon CR-A16's Pointy Stick > --- INVENTORY -------- Structural Scanner Machine Analyzer Sensor Array Terrain Scan Processor Datajack [Rating: 23] Favorites ----------- Power Nuclear Core Engine Light Ion Engine Power Core Nuclear Core Propulsion Aluminum Leg Leg Aluminum Leg Wheel Wheel Flight Unit Flight Unit Utility Signal Interpreter Device Seismic Detector Storage Small Matter Pod Processor Signal Interpreter Weapon CR-A16's Pointy Stick Energy Gun Medium Laser Ballistic Gun Heavy Assault Rifle Ballistic Cannon Advanced Assault Cannon Piercing Weapon CR-A16's Pointy Stick Build | -11 -10 -9 -9 -7 -6 ------- Run | Yrd Mat Mat Min Zio Pro Slots Evolved 2 | . . 2 . . . Power . | . . . . . . Propulsion 2 | . . 2 . . . Utility . | . . . . . . Weapon . | . . . . . . Parts Attached 43 | 9 14 15 . 3 2 Power 9 | 1 3 3 . . 2 Engine 4 | 1 1 2 . . . Core 5 | . 2 1 . . 2 Reactor . | . . . . . . Propulsion 15 | 2 6 6 . 1 . Treads . | . . . . . . Leg 5 | . . 4 . 1 . Wheel 7 | 2 3 2 . . . Hover . | . . . . . . Flight 3 | . 3 . . . . Utility 8 | 3 2 3 . . . Device 5 | 2 1 2 . . . Storage 1 | 1 . . . . . Processor 2 | . 1 1 . . . Hackware . | . . . . . . Protection . | . . . . . . Artifact . | . . . . . . Weapon 11 | 3 3 3 . 2 . Energy Gun 3 | 2 . 1 . . . Energy Cannon . | . . . . . . Ballistic Gun 5 | 1 3 1 . . . Ballistic Cannon 2 | . . 1 . 1 . Launcher . | . . . . . . Special Weapon . | . . . . . . Impact Weapon . | . . . . . . Slashing Weapon . | . . . . . . Piercing Weapon 1 | . . . . 1 . Special Melee Weapon . | . . . . . . Unidentified Prototypes . | . . . . . . Parts Lost 12 | . 1 4 . . 7 Power 3 | . . 1 . . 2 Propulsion 6 | . . 2 . . 4 Utility 1 | . . 1 . . . Weapon 2 | . 1 . . . 1 Highest Loss Streak 6 | . 1 3 . . 6 To Critical Strikes . | . . . . . . Average Slot Usage (%) 87 | . 99 72 88 88 87 Engine 2 | . 6 2 . . . Core 8 | . 7 4 11 11 10 Leg 20 | . . 15 33 33 34 Wheel 4 | . 13 4 . . . Flight 4 | . 14 . . . . Device 6 | . 21 4 . . . Processor 16 | . 3 16 22 22 22 Energy Gun 4 | . 10 6 . . . Ballistic Gun 8 | . 17 11 11 3 . Ballistic Cannon 6 | . . 3 11 10 8 Piercing Weapon 4 | . . . . 8 11 Naked Turns . | . . . . . . Heaviest Build 19 | 9 11 16 16 16 19 Greatest Support 48 | 20 32 30 30 48 48 Greatest Overweight (x) 3 | . 2 3 . . 3 Average Overweight (x) . | . . . . . . Largest Inventory Capacity 5 | 5 5 5 5 5 5 Average Capacity 5 | 5 5 5 5 5 5 Most Carried 5 | 3 5 5 5 5 5 Average Carried 4 | 1 4 4 5 4 5 Final Capacity 5 | 5 5 5 5 5 5 Final Carried 5 | 3 5 5 5 5 5 Class Distribution -------------------- 75% | Scavenger-Mutant 24% | Mutant Dominant Class ---------------- Scavenger-Mutant | -10/Materials Scavenger-Mutant | -9/Materials Scavenger-Mutant | -9/Mines Scavenger-Mutant | -7/Zion Scavenger-Mutant | -6/Proximity Caves Resources | -11 -10 -9 -9 -7 -6 ----------- Run | Yrd Mat Mat Min Zio Pro Matter Collected 927 | 314 171 397 . 20 25 Remotely . | . . . . . . Salvage Created 987 | 176 265 546 . . . Parts 66 | 14 17 35 . . . Haulers Intercepted . | . . . . . . Recyclers Shooed 1 | . 1 . . . . Parts Field Recycled . | . . . . . . Retrieved Matter . | . . . . . . Parts Self-Destructed 5 | . . . . 4 1 Prevented . | . . . . . . Kills | -11 -10 -9 -9 -7 -6 ------- Run | Yrd Mat Mat Min Zio Pro Combat Hostiles Destroyed 13 | 1 2 10 . . . Guns 7 | 1 2 4 . . . Cannons 5 | . . 5 . . . Classes Destroyed 9 | 3 3 3 . . . Worker 2 | 1 . 1 . . . Builder 1 | . 1 . . . . Tunneler 4 | 4 . . . . . Recycler 2 | . 1 1 . . . Operator 1 | . . 1 . . . Watcher 5 | . 3 2 . . . Grunt 9 | 1 2 6 . . . Brawler 1 | . . 1 . . . Sentry 3 | . . 3 . . . Best Kill Streak 4 | 4 3 4 . . . Combat Bots Only 4 | 1 2 4 . . . Max Kills in Single Turn 2 | 1 1 2 . . . Gunslinging . | . . . . . . Exploded . | . . . . . . Melee . | . . . . . . Uniques/NPCs Destroyed . | . . . . . . Combat | -11 -10 -9 -9 -7 -6 -------- Run | Yrd Mat Mat Min Zio Pro Hostile Shots Fired 164 | 7 29 53 . . 75 Missed 51 | 3 7 12 . . 29 Damage Taken 1735 | 42 261 525 . . 907 Core 456 | . 38 89 . . 329 Absorbed by Shields . | . . . . . . Core Remaining (%) 92 | 100 84 . . . . Volleys Fired 78 | 12 22 42 . . 2 Largest 2 | 2 2 2 . . 1 Hottest 90 | 90 90 79 . . 48 Shots Fired 152 | 24 42 84 . . 2 Gun 130 | 24 42 64 . . . Cannon 22 | . . 20 . . 2 Launcher . | . . . . . . Special . | . . . . . . Kinetic 90 | . 20 68 . . 2 Thermal 47 | 12 19 16 . . . Explosive . | . . . . . . Electromagnetic 15 | 12 3 . . . . Robot Hit Streak 11 | 5 11 10 . . 1 Robot Miss Streak 4 | 4 4 4 . . 1 Penetration Max . | . . . . . . Secondary Targets 1 | . . 1 . . . Max Gunslinging Chain 1 | . . 1 . . . Shots Hit Robots 100 | 12 27 59 . . 2 Core Hits 56 | 7 12 36 . . 1 Critical Kills . | . . . . . . Critical Parts Destroyed 1 | . . 1 . . . Critical Strikes 8 | 3 1 3 . . 1 Burn 6 | 3 1 2 . . . Destroy 1 | . . 1 . . . Impale 1 | . . . . . 1 Melee Attacks 3 | . . . . . 3 Impact . | . . . . . . Slashing . | . . . . . . Piercing 3 | . . . . . 3 Sneak Attacks . | . . . . . . Combat Hostiles . | . . . . . . Follow-up Attacks . | . . . . . . Damage Inflicted 1510 | 186 318 951 . . 55 Guns 1081 | 186 318 577 . . . Cannons 390 | . . 367 . . 23 Explosions . | . . . . . . Melee 32 | . . . . . 32 Ramming 7 | . . 7 . . . Kinetic 981 | . 146 812 . . 23 Thermal 366 | 75 159 132 . . . Explosive . | . . . . . . Electromagnetic 124 | 111 13 . . . . Impact . | . . . . . . Slashing . | . . . . . . Piercing 32 | . . . . . 32 Highest Corruption . | . . . . . . Average Corruption . | . . . . . . Corruption Purged . | . . . . . . Corruption Blocked . | . . . . . . Overload Shots . | . . . . . . Overflow Damage 4 | . . 4 . . . Projectiles 4 | . . 4 . . . Explosions . | . . . . . . Melee . | . . . . . . Knockbacks 11 | . . 10 . . 1 Impact 1 | . . 1 . . . Kinetic 8 | . . 7 . . 1 Secondary 2 | . . 2 . . . Self-Inflicted Damage . | . . . . . . Shots . | . . . . . . Rammed . | . . . . . . Targets Rammed 2 | . . 2 . . . Kicked 2 | . . 2 . . . Crushed . | . . . . . . Highest Temperature 311 | 154 311 111 . . 34 Average Temperature 58 | 47 126 23 . . 14 Received Heat Transfer 685 | 24 171 261 . . 229 Effects 2 | . 2 . . . . Interference 2 | . 2 . . . . Siege Activations . | . . . . . . Robots Corrupted . | . . . . . . Combat Hostiles . | . . . . . . Parts Fried . | . . . . . . Impact Corruptions . | . . . . . . Robots Melted 1 | . . 1 . . . Combat Hostiles 1 | . . 1 . . . Parts Melted 1 | . 1 . . . . Heat Transferred 1480 | 444 555 481 . . . Parts Sabotaged . | . . . . . . Parts Stolen . | . . . . . . Parts Stripped . | . . . . . . Power Chain Reactions . | . . . . . . Alert | -11 -10 -9 -9 -7 -6 ------- Run | Yrd Mat Mat Min Zio Pro Peak Influence 184 | 45 184 175 60 . . Initial 60 | . 29 15 60 . . Average 65 | 20 65 79 60 . . Maximum Alert Level . | . . . . . . Low Security (%) 100 | 100 100 100 100 . . Level 1 . | . . . . . . Level 2 . | . . . . . . Level 3 . | . . . . . . Level 4 . | . . . . . . Level 5 . | . . . . . . High Security . | . . . . . . Max Security . | . . . . . . Squads Dispatched 2 | . 1 1 . . . Investigation . | . . . . . . Extermination . | . . . . . . Reinforcement 2 | . 1 1 . . . Assault . | . . . . . . Garrison . | . . . . . . Intercept . | . . . . . . Searches Triggered . | . . . . . . Construction Impeded . | . . . . . . Haulers Reinforced . | . . . . . . Active Scanning Responses . | . . . . . . Cargo Convoy Interrupts . | . . . . . . Stealth | -11 -10 -9 -9 -7 -6 --------- Run | Yrd Mat Mat Min Zio Pro Distress Signals 2 | . . 2 . . . Communications Jammed . | . . . . . . Distress Signals . | . . . . . . Times Spotted 50 | 1 13 19 . . 17 Peak Tracking Total 8 | 1 3 6 . . 8 Tactical Retreats 6 | . 2 1 . . 3 Traps | -11 -10 -9 -9 -7 -6 ------- Run | Yrd Mat Mat Min Zio Pro Traps Triggered 1 | . 1 . . . . Indirectly . | . . . . . . Trap Hack Attempts . | . . . . . . Triggered . | . . . . . . Disarmed . | . . . . . . Reprogrammed . | . . . . . . Reused . | . . . . . . Traps Extracted . | . . . . . . Installed . | . . . . . . Triggered . | . . . . . . Machines | -11 -10 -9 -9 -7 -6 ---------- Run | Yrd Mat Mat Min Zio Pro Machines Disabled 1 | . 1 . . . . Max in Single Turn 1 | . 1 . . . . Machines Repaired . | . . . . . . Machines Dismantled . | . . . . . . Machines Sabotaged . | . . . . . . Overloaded Fab Kills . | . . . . . . Hacking | -11 -10 -9 -9 -7 -6 --------- Run | Yrd Mat Mat Min Zio Pro Machines Accessed 3 | . 2 1 . . . Terminals . | . . . . . . Fabricators . | . . . . . . Repair Stations . | . . . . . . Recycling Units 2 | . 2 . . . . Scanalyzers 1 | . . 1 . . . Garrison Access . | . . . . . . Total Hacks 15 | . 3 12 . . . Successful 13 | . 3 10 . . . Failed 2 | . . 2 . . . Catastrophic . | . . . . . . Database Lockouts . | . . . . . . Manual . | . . . . . . Terminals . | . . . . . . Fabricators . | . . . . . . Repair Stations . | . . . . . . Recycling Units 3 | . 3 . . . . Scanalyzers 12 | . . 12 . . . Garrison Access . | . . . . . . Terminal Hacks . | . . . . . . Fabricator Hacks . | . . . . . . Repair Station Hacks . | . . . . . . Recycling Unit Hacks 3 | . 3 . . . . Report Inventory 2 | . 2 . . . . Retrieve Components 1 | . 1 . . . . Scanalyzer 10 | . . 10 . . . Insert Component 5 | . . 5 . . . Analyze 5 | . . 5 . . . Garrison Access Hacks . | . . . . . . Unauthorized Hacks . | . . . . . . Terminals . | . . . . . . Fabricators . | . . . . . . Repair Stations . | . . . . . . Recycling Units . | . . . . . . Scanalyzers . | . . . . . . Garrison Access . | . . . . . . Data Cores Recovered . | . . . . . . Used . | . . . . . . Hacking Detections 2 | . 1 1 . . . Full Trace Events . | . . . . . . Feedback Events . | . . . . . . Feedback Blocked . | . . . . . . Robot Schematics Acquired 3 | . . . . 3 . Robots Built . | . . . . . . Authchips . | . . . . . . Time . | . . . . . . Total Robot Build Rating . | . . . . . . Part Schematics Acquired 20 | . . 5 . 15 . Parts Built . | . . . . . . Authchips . | . . . . . . Time . | . . . . . . Total Part Build Rating . | . . . . . . Parts Repaired . | . . . . . . Time . | . . . . . . Parts Recycled . | . . . . . . Recycled Matter . | . . . . . . Retrieved Matter . | . . . . . . Retrieved Components 9 | . 9 . . . . Parts Scanalyzed 5 | . . 5 . . . Part Schematics Acquired 5 | . . 5 . . . Parts Damaged . | . . . . . . Bothacking | -11 -10 -9 -9 -7 -6 ------------ Run | Yrd Mat Mat Min Zio Pro Used RIF Installer . | . . . . . . Robots Hacked . | . . . . . . Non-combat . | . . . . . . Combat . | . . . . . . Robot Hacks Applied . | . . . . . . Relay Couplers Released . | . . . . . . Fabnet Peak Effective % . | . . . . . . Robots Rewired . | . . . . . . Allies Hacked . | . . . . . . Hacks Repelled . | . . . . . . Allies | -11 -10 -9 -9 -7 -6 -------- Run | Yrd Mat Mat Min Zio Pro Total Allies 8 | . . . . 8 . Largest Group 8 | . . . . 8 3 Highest-Rated Group 249 | . . . . 249 76 Highest-Rated Ally 40 | . . . . 40 31 Total Orders . | . . . . . . Ally Attacks 9 | . . . . . 9 Total Damage 160 | . . . . . 160 Kills 1 | . . . . . 1 Allies Corrupted . | . . . . . . Allies Melted 1 | . . . . . 1 Intel | -11 -10 -9 -9 -7 -6 ------- Run | Yrd Mat Mat Min Zio Pro Robot Analysis Total . | . . . . . . Derelict Logs Recovered 3 | . . . . 1 2 Drone Launches . | . . . . . . Drone Recoveries . | . . . . . . Exploration | -11 -10 -9 -9 -7 -6 ------------- Run | Yrd Mat Mat Min Zio Pro Turns Passed 2947 | 178 722 578 4 1200 265 Spaces Moved 2293 | 159 588 330 4 991 221 Core 179 | 17 . 109 . . 53 Treads . | . . . . . . Legs 1321 | . . 158 4 991 168 Wheels 481 | 142 296 43 . . . Hover . | . . . . . . Flight 312 | . 292 20 . . . Fastest Speed 40 | 50 40 80 120 120 50 Average Speed 111 | 76 99 127 120 120 111 Slowest Speed 200 | 80 200 200 120 120 200 Overloaded Moves . | . . . . . . Propulsion Burnouts . | . . . . . . Robots Hopped . | . . . . . . Cave-ins Triggered . | . . . . . . Exploration Rate (%) 36 | 7 65 31 3 89 24 Regions Visited 5 Branch Regions 3 Pre-discovered Areas 4 | . . . . 4 . Known Exits Taken 4 | . 1 1 1 1 . Unknown Exits Taken 1 | 1 . . . . . Scrap Searched 4 | . . . . 2 2 Spaces Dug . | . . . . . . Terrain Destroyed 1 | . . . . . 1 Melee . | . . . . . . Projectile 1 | . . . . . 1 AOE . | . . . . . . Terrain Rammed . | . . . . . . Walls Destroyed . | . . . . . . Machines Disabled . | . . . . . . Actions | -11 -10 -9 -9 -7 -6 --------- Run | Yrd Mat Mat Min Zio Pro Total 2512 | 189 684 404 3 1003 229 Wait 46 | . 42 2 . 2 . Move 2288 | 158 587 329 3 990 221 Hop . | . . . . . . Pick Up 27 | 10 9 5 . 3 . Fast Attach 17 | . 5 7 . 3 2 Attach 12 | 7 2 3 . . . Detach . | . . . . . . Swap 14 | 2 7 5 . . . Drop 25 | . 10 9 . 5 1 Fire 78 | 12 22 42 . . 2 Melee 3 | . . . . . 3 Ram . | . . . . . . Kick 2 | . . 2 . . . Crush . | . . . . . . Escape Stasis . | . . . . . . Rewire . | . . . . . . Trap . | . . . . . . Miscellaneous . | . . . . . . Route ------- -11/Scrapyard -10/Materials (discovered 2 exits: *Mat / *Min) -9/Materials -9/Mines -7/Zion -6/Proximity Caves (discovered 1 exit: Fac) History --------- Turn | Location | Event 2 | -11/Scrapyard | Met Revision 17 62 | -11/Scrapyard | Discovered new exit (range 8) 179 | -11/Scrapyard | Entered Materials 313 | -10/Materials | Build established: Mutant 710 | -10/Materials | Discovered new exit (range 7) 718 | -10/Materials | Identified exit to Mines 873 | -10/Materials | Discovered new exit (range 6) 890 | -10/Materials | Build established: Scavenger-Mutant 900 | -10/Materials | Identified exit to Materials 901 | -10/Materials | Entered another Materials area 901 | -9/Materials | Evolved 2 slots: Propulsion x2 971 | -9/Materials | Lost 3 parts (1p2n) 1460 | -9/Materials | Discovered new exit (range 16) 1477 | -9/Materials | Identified exit to Mines 1479 | -9/Materials | Entered Mines 1480 | -9/Mines | A Derelict revealed a hidden shortcut to a safe place 1482 | -9/Mines | Identified exit to Zion 1483 | -9/Mines | Entered Zion 1809 | -7/Zion | Found CR-A16's Pointy Stick 1817 | -7/Zion | Acquired unknown access codes intercepted by a Zionite 1940 | -7/Zion | Imprinted 1942 | -7/Zion | Declared Zion's savior 2134 | -7/Zion | Gained Derelict followers 2665 | -7/Zion | Discovered new exit (range 12) 2682 | -7/Zion | Identified exit to Proximity Caves 2683 | -7/Zion | Entered Proximity Caves 2683 | -6/Proximity Caves | Accompanied by 3 allies 2800 | -6/Proximity Caves | Lost 3 allies 2870 | -6/Proximity Caves | Spotted B-75 Beast 2882 | -6/Proximity Caves | Identified exit to Factory 2898 | -6/Proximity Caves | Core integrity fell below 50% 2928 | -6/Proximity Caves | Lost 6 parts (1p4n1w) 2943 | -6/Proximity Caves | Core integrity fell below 20% 2948 | -6/Proximity Caves | Destroyed by G-67 Veteran with Plasma Rifle Last Messages --------------- Acquired 10 matter. Acquired derelict log, extracted data. Data stored: Extension entrances (x1). Searching scrap... Found Imp. Shield Generator. Found 19 Matter. Knocked back. Aluminum Leg destroyed. Acquired derelict log, extracted data. Imp. Carbon-fiber Leg destroyed. G-50 Soldier knocked back. Fission Core destroyed. Aluminum Leg destroyed. Adv. Assault Cannon destroyed. Acquired Nuclear Core. Critical hit (Burn: +50). Nuclear Core destroyed. G-50 Soldier suffers critical hit (Impale). G-50 Soldier destroyed. Acquired 5 matter. Map ----- +----------------------------------------------------+ | ????## ## # #??????????????? | | ???## ## ##### # ##?????????????? | | ???# ##?### # ## ##????????????? | | ???## #????# # #?### ##???????????? | | ????# " #?##?# ### ##??# #???????????? | | ????# "#% # ? ???# #### # #???????????? | | ????# #"%## ###????### ### # #? #??????????? | | ???## ## "# ####?????# ##?# ????????????? | | ???#" "" #????## # #?? #???????????? | | ??### ""! #???## #####??? ##???????????? | | ??#" "% #???# # ##????????##????????????? | | ??# % #?# # #???????????????????????? | | ??## # # # # #######?????????????????? | | ???# "#% ### # #?????????????????? | | ???# ## ## ###?# #?????????????????? | | ???# #?###???# ### # ## #?????????????????? | | ???# ##?????# ???## ## #?????????????????? | | ???# ##????##??######## #?????????????????? | | ???#### #####???## #?## #?????????????????? | | ??????# ## #???# ## #?????????????????? | | ??????# # ###??# ##?????????????????? | | ??????## ## ##?## ###??????????????????? | | ???????# # ##### ##????????????????????? | | ???????# # ##### ##????????????????????? | | ???????# # g #????????????????????? | | ?####### # =@= #????????????????????? | | ## ### # ## ###### #????????????????????? | | # ### ### # ##?## l#???????#????????????? | | # # # #?#### ## ### g##??? #????????????? | | # ## #??## # ## g ## % #????????????? | | # #####??# ### !%%= ?????? | | ####??## ### ###[ #????????????? | | #### #####?# ##??? #????????????? | | # # #?????# ###?????# ##????????????? | | # #????## ##?????????#?????????????? | | ### ###### ###### #????????????????????????? | | ??## ####????# !!%!##????????????????????????? | | ???###???????###########?????????????????????????? | | ?????????????????????????????????????????????????? | | ?????????????????????????????????????????????????? | | ?????????????????????????????????????????????????? | | ?????????????????????????????????????????????????? | | ?????????????????????????????????????????????????? | | ?????????????????????????????????????????????????? | | ?????????????????????????????????????????????????? | | ?????????????????????????????????????????????????? | | ?????????????????????????????????????????????????? | | ?????????????????????????????????????????????????? | | ?????????????????????????????????????????????????? | | ?????????????????????????????????????????????????? | +----------------------------------------------------+ Best States ------------- Heat Dissipation 28 Energy Generation 18 Energy Capacity 310 Matter Stores 350 Matter Capacity 350 Sight Range 16 Terrain Scan Density 10 Evasion (%) 55 Targeting Accuracy 6 Item Schematics ----------------- Datajack | -9/Materials | Scanalyzed Structural Scanner | -9/Materials | Scanalyzed Sensor Array | -9/Materials | Scanalyzed Terrain Scan Processor | -9/Materials | Scanalyzed Visual Processing Unit | -9/Materials | Scanalyzed Mak. Hacking Suite | -7/Zion | Archive Hvy. Machine Gun | -7/Zion | Archive Slug Cannon | -7/Zion | Archive Imp. Reaction Control System | -7/Zion | Archive Gatling Laser | -7/Zion | Archive Enh. Optical Array | -7/Zion | Archive Adv. Assault Cannon | -7/Zion | Archive Imp. Transmission Jammer | -7/Zion | Archive Mak. Trap Scanner | -7/Zion | Archive Imp. Shield Generator | -7/Zion | Archive Magnetic Acceleration Cannon | -7/Zion | Archive Force Field | -7/Zion | Archive Mak. System Restoration Module | -7/Zion | Archive Mak. Light Armor Plating | -7/Zion | Archive Flexi-carbon Leg | -7/Zion | Archive Robot Schematics ------------------ D-53 Grenadier | -7/Zion | Archive S-27 Virus | -7/Zion | Archive Y-45 Defender | -7/Zion | Archive Fabricated ------------ Nothing Alien Tech Used ----------------- None Achievements -------------- It's Just You Robot Respite The More The Merrier The One Tourist Challenges ------------ None Game ------ Seed LongswordTargetFacilitator Manual? 0 Play Time 00:52:11 Cumulative 2.4 hours Start 2024.04.02 @ 21:15:45 End 2024.04.02 @ 22:23:22 Sessions 1 Manual Loads 0 Difficulty Rogue Special Mode None Game No. 3 Rogue 3 Adventurer 0 Explorer 0 Win Type - Total 0 Types 0/0/0/0/0/0/0/0/0 Lore% 4 Gallery% 6 Achievement% 8 Wizard Run 0 Options --------- Layout 1 ASCII 0 Keyboard 0 Movement Mouse Keybinds 0 Fullscreen 1 Font 24/Smallcaps Map View 50x35 Zoom Use 0% Tactical HUD 0 Map Filters NONE Filters NONE Steam 1 RUN: b483161a-6438-4b12-8b7d-80ada93ce71c